 Dungeon Crawl Stone Soup version 0.28.0 (webtiles) character file.

Game seed: 8628576937197530462

60 joshe the Conjurer (level 3, -2/26 HPs)
             Began as a Demigod Conjurer on Feb 6, 2022.
             Killed from afar by Sigmund (9 damage)
             ... with a magic dart
             ... on level 2 of the Dungeon.
             The game lasted 00:09:59 (2777 turns).

joshe the Conjurer (Demigod Conjurer)               Turns: 2777, Time: 00:09:59

Health: -2/26      AC:  2    Str:  8    XL:     3   Next: 55%
Magic:  0/8        EV: 12    Int: 24    God:
Gold:   102        SH:  0    Dex: 12    Spells: 3/6 levels left

rFire   + . .      SeeInvis .   b - +0 spear
rCold   x . .      Faith    .   h - orb {mayhem}
rNeg    . . .      Spirit   .   a - +0 robe
rPois   +          Reflect  .   (no helmet)
rElec   .          Harm     .   (no cloak)
rCorr   .          Rampage  .   (no gloves)
Will    .....                   (no boots)
Stlth   ++........              (no amulet)
HPRegen 0.08/turn               f - ring of fire
MPRegen 0.11/turn               i - ring of poison resistance

@: no status effects
A: high MP 1, forlorn, divine attributes
a: no special abilities


You were on level 2 of the Dungeon.
You visited 1 branch of the dungeon, and saw 4 of its levels.

You collected 102 gold pieces.

Inventory:

Hand Weapons
 b - a +0 spear (weapon)
Armour
 a - a +0 robe (worn)
 h - an orb of mayhem (worn)
Jewellery
 f - a ring of fire (left hand)
 i - a ring of poison resistance (right hand)
 k - a ring of flight
Wands
 j - a wand of iceblast (9)
Scrolls
 c - a scroll of holy word {unknown}
 d - 3 scrolls of identify {unknown}
 g - a scroll of noise {unknown}
Potions
 e - a potion of mutation {unknown}


   Skills:
 - Level 2.0 Dodging
 - Level 1.7 Stealth
 - Level 2.0 Spellcasting
 + Level 4.8 Conjurations


You had 3 spell levels left.
You knew the following spells:

 Your Spells              Type           Power      Damage    Failure   Level
a - Magic Dart            Conj           100%       1d8       1%          1
b - Searing Ray           Conj           50%        2d6       2%          2

Your spell library contained the following spells:

 Spells                   Type           Power      Damage    Failure   Level
 Pain                     Necr           8%         1d4       12%         1
 Dazzling Flash           Conj/Hex       28%        N/A       13%         3
 Fulminant Prism          Conj/Hex       7%         3d7       41%         4
 Iskenderun's Mystic Bla  Conj/Tloc      14%        2d5       41%         4
 Agony                    Necr           2%         N/A       97%         5
 Excruciating Wounds      Necr           1%         N/A       97%         5


Dungeon Overview and Level Annotations

Branches:
Dungeon (4/15)
 Temple: D:4-7

Annotations:
D:2 1 runed translucent door, Crazy Yiuf, Sigmund


Innate Abilities, Weirdness & Mutations

You have an increased reservoir of magic. (+10% MP)
You shall have no god before yourself.
Your divine heritage dramatically boosts your attributes as you level up.


Message History

You see here a +0 hand axe.
You see here a +0 hand axe.
A ball python comes into view.
The magic dart hits the ball python.
You kill the ball python!
Sigmund the Dreaded comes into view.
He is wielding a +0 scythe.
Sigmund shouts!
Okay, then.
Casting: Magic Dart (safe; 1% risk of failure)
Confirm with . or Enter, or press ? or * to list all spells.
Aiming: Searing Ray (safe; 2% risk of failure)
Press: ? - help, Shift-Dir - straight line, f - Sigmund
Aim: Sigmund, wielding a +0 scythe and wearing a +0 robe (77% to hit)
The searing ray hits Sigmund.
Sigmund is lightly wounded. (Press . to maintain the ray.) Sigmund casts a spell at you.
The magic dart hits you!
The searing ray hits Sigmund.
Sigmund is moderately wounded.
The searing ray hits Sigmund!
Sigmund is heavily wounded.
The searing ray hits Sigmund.
Sigmund is severely wounded.
You finish channelling your searing ray.
Sigmund gestures at you while chanting. The puff of flame misses you.
Casting: Searing Ray (safe; 2% risk of failure)
Confirm with . or Enter, or press ? or * to list all spells.
Aiming: Searing Ray (safe; 2% risk of failure)
Press: ? - help, Shift-Dir - straight line, f/p - Sigmund
Aim: Sigmund, wielding a +0 scythe and wearing a +0 robe (severely wounded, 77% to hit)
The searing ray misses Sigmund. (Press . to maintain the ray.) Sigmund hits you from afar with a +0 scythe!
* * * LOW HITPOINT WARNING * * *
The searing ray misses Sigmund.
Sigmund gestures at you while chanting. The magic dart hits you!
You die...

#.........#.# ##...#
## +.........#.#
#P...# #......?..#.#
#....# ##
#......@..#.#
#....###.
#.........#.#
#........ #.# #.#
##...###. #.# #.#
##### #.
#.######.###########.
#.@.@................
########.###########.
#.# ## #.# # #<# #
### # #


You could see Sigmund.

Vanquished Creatures
  An adder (D:2)
  2 worms (D:2)
  4 ball pythons
  7 bats
  4 endoplasms (D:1)
  A giant cockroach (D:1)
  3 goblins
  2 hobgoblins
  5 jackals (D:1)
  A quokka (D:1)
  4 frilled lizards
  3 kobolds
  7 rats
44 creatures vanquished.

Notes
Turn   | Place    | Note
-------+----------+-------------------------------------------
     0 | D:1      | joshe the Demigod Conjurer began the quest for the Orb.
     0 | D:1      | Reached XP level 1. HP: 14/14 MP: 5/5
   481 | D:1      | Reached skill level 4 in Conjurations
   496 | D:1      | Reached XP level 2. HP: 20/20 MP: 5/7
   499 | D:1      | Learned a level 2 spell: Searing Ray
  1432 | D:2      | Reached XP level 3. HP: 8/26 MP: 0/8
  1669 | D:2      | Found a runed translucent door.
  1670 | D:2      | Noticed Crazy Yiuf
  2375 | D:2      | You fall into a shaft and drop 2 floors!
  2766 | D:2      | Noticed Sigmund
  2777 | D:2      | Killed from afar by Sigmund

Illustrated notes

Levels and vault maps discovered:
D:1:      scummos_arrival_simple_fountains, layout_loops_cross,
          ebering_ecumenical_altar_sacrificial, chequers_serial_rivers_micro_c,
          serial_park_tiny_pond, nrook_uturn, minmay_tromino_mix6
D:2:      layout_basic, uniq_sigmund, uniq_crazy_yiuf_cottage
D:3:      layout_basic, trog_wizard, kennysheep_okawaru_gauntlet, uniq_jessica
D:4:      layout_loops_ring, tgw_sif, minmay_temple_entry_butterflies,
          minivault_14, chequers_serial_rivers_large_a, uniq_eustachio

Skill      XL: |  1  2 |
---------------+-------+-----
Conjurations   | 4 |  4.8
Spellcasting   | 2 |  2.0
Dodging        | 2 |  2.0
Stealth        | |  1.7

Action                   || total
-------------------------++-------
 Cast: Magic Dart        ||    70
       Searing Ray       ||     8
Armor: Robe              ||    10
Dodge: Dodged            ||    25
